 Dungeon Crawl Stone Soup version bcrawl-1.19.2-6-g6a88ae04c9 (webtiles) character file.

Game seed: 2152335120763120004

921 Mrkan the Basher (level 8, -6/88 HPs)
             Began as an Ogre Berserker on Dec 29, 2019.
             Was a Priest of Trog.
             Mangled by an orc warrior
             ... wielding a +2 mace of crushing
              (11 damage)
             ... on level 5 of the Dungeon.
             The game lasted 00:05:40 (6504 turns).

Mrkan the Basher (Ogre Berserker)                   Turns: 6504, Time: 00:05:41

Health: -6/88      AC:  3    Str: 22    XL:     8   Next: 10%
Magic:  8/8        EV: 10    Int:  8    God:    Trog [***...]
Gold:   326        SH:  0    Dex: 10    Spells: 7/7 levels left

rFire    . . .     SeeInvis .   a - +0 mace
rCold    . . .     Gourm    .   (no shield)
rNeg     . . .     Faith    .   b - +0 animal skin
rPois    .         Spirit   .   (helmet restricted)
rElec    .         Reflect  .   (no cloak)
rCorr    .         Harm     .   (gloves unavailable)
MR       .....                  (boots unavailable)
Stlth    +.........             (no amulet)
HPRegen  0.24/turn              (no ring)
MPRegen  0.11/turn              (no ring)

@: no status effects
A: large, unfitting armour, tough skin 1
a: Berserk, Trog's Hand, Renounce Religion


You were on level 5 of the Dungeon.
You worshipped Trog.
Trog was most pleased with you.
You were not hungry.

You visited 1 branch of the dungeon, and saw 5 of its levels.

You collected 326 gold pieces.

Inventory:

Hand Weapons
 a - a +0 mace (weapon)
 y - the +11 falchion of the Extremely Mad {venom, Int+2, unknown}
   (You found it on level 5 of the Dungeon)

   It poisons the flesh of those it strikes.
   It affects your intelligence (+2).
Missiles
 d - 121 javelins (quivered)
 k - a throwing net {!f}
Armour
 b - a +0 animal skin (worn)
Jewellery
 t - an uncursed ring of positive energy
 v - a +1 ring of protection {unknown}
Wands
 w - a wand of iceblast (6)
Scrolls
 e - 6 scrolls of identify {unknown}
 g - 7 scrolls of remove curse {unknown}
 h - 5 scrolls of teleportation {unknown}
 i - 7 scrolls of enchant armour {unknown}
 m - a scroll of fog {unknown}
 n - a scroll of noise {unknown}
 s - a scroll of amnesia {unknown}
 u - 4 scrolls of magic mapping {unknown}
 x - a scroll of enchant weapon {unknown}
Potions
 f - 3 potions of curing {unknown}
 j - 2 potions of mutation {unknown}
 l - a potion of lignification {unknown}
 o - a potion of agility {unknown}
 p - a potion of berserk rage {unknown}
 q - 2 potions of degeneration {unknown}
 r - a potion of ambrosia {unknown}
 A - a potion of flight {unknown}
Comestibles
 c - 11 rations {!d}
 z - a chunk of flesh


   Skills:
 + Level 7.8 Fighting
 * Level 9.5 Maces & Flails
 - Level 2.6 Dodging


You had 7 spell levels left.
You didn't know any spells.
Your spell library was empty.

Dungeon Overview and Level Annotations

Branches:
Dungeon (5/12)             Temple (0/1) D:4

Altars:
Ashenzari
Hepliaklqana
Kikubaaqudgha
Sif Muna
Vehumet
Xom
Zin
The Shining One

Shops:
D:5 *


Innate Abilities, Weirdness & Mutations

You are too large for most types of armour.
You have tough skin. (AC +1)


Message History

You closely miss the orc warrior.
The orc warrior is moderately wounded.
The orc wizard casts a spell at you. The magic dart hits you!
* * * LOW HITPOINT WARNING * * *
The orc barely misses you.
You hit the orc warrior.
The orc warrior is heavily wounded.
The orc warrior closely misses you.
The orc wizard hits you with a +0 dagger.
* * * LOW HITPOINT WARNING * * *
The orc barely misses you.
You hit the orc warrior but do no damage.
The orc warrior is heavily wounded.
The orc warrior hits you with a +2 mace of crushing.
* * * LOW HITPOINT WARNING * * *
x2 The orc wizard hits you with a +0 dagger.
* * * LOW HITPOINT WARNING * * *
The orc warrior hits you with a +2 mace of crushing!
You die...

#...#......#......#...'
#...#......#.....##...#
#...#......#.....######
#...#......#...........
#...#.[....#...........
#.^##......##...###.)##
#..#####....#######..##
#.....o#....#....#.....
#.....@oo...'....#.....
#..#####....###.###..##
#.>#######....#.###..##
#........+....#........
#........#....#........
#........#....#........
#....###'#....#..###'##
######........####.....
#..>..............


You could see an orc warrior, an orc wizard and an orc.

Vanquished Creatures
  A phantom (D:4)
  A centaur (D:5)
  5 howler monkeys (D:4)
  4 crimson imps
  2 hounds (D:4)
  An orc wizard (D:2)
  Jessica (D:3)
  An iguana (D:5)
  Terence (D:2)
  2 worker ants
  2 hound skeletons
  5 adders
  3 gnolls (D:5)
  A shadow imp (D:5)
  An ooze (D:4)
  2 worms (D:2)
  4 leopard geckos
  7 orcs
  5 bats
  3 giant cockroaches (D:2)
  10 goblins
  5 hobgoblins
  6 jackals (D:3)
  4 quokkas
  3 frilled lizards
  A jackal zombie (D:5)
  3 kobolds
  A leopard gecko skeleton (D:4)
  5 rats
90 creatures vanquished.

Notes
Turn   | Place    | Note
-------+----------+-------------------------------------------
     0 | D:1      | Mrkan the Ogre Berserker began the quest for the Orb.
     0 | D:1      | Reached XP level 1. HP: 24/24 MP: 1/1
   318 | D:1      | Reached skill level 4 in Maces & Flails
   449 | D:1      | Reached XP level 2. HP: 25/32 MP: 2/2
  1127 | D:2      | Reached skill level 5 in Maces & Flails
  1127 | D:2      | Reached XP level 3. HP: 16/41 MP: 3/3
  1133 | D:2      | Reached ** piety under Trog
  1538 | D:2      | Reached XP level 4. HP: 11/49 MP: 4/4
  1887 | D:2      | Noticed Terence
  1892 | D:2      | Killed Terence
  1892 | D:2      | Reached skill level 5 in Fighting
  2097 | D:3      | Found a shimmering altar of Xom.
  2099 | D:3      | Found a shimmering altar of Xom.
  2248 | D:3      | Reached XP level 5. HP: 35/57 MP: 5/5
  2525 | D:3      | Noticed Jessica
  2546 | D:3      | Killed Jessica
  2546 | D:3      | Reached skill level 6 in Maces & Flails
  2825 | D:3      | Found a radiant altar of Vehumet.
  3188 | D:4      | Found a glowing silver altar of Zin.
  3207 | D:4      | Reached XP level 6. HP: 41/67 MP: 6/6
  3219 | D:4      | Reached skill level 7 in Maces & Flails
  3495 | D:4      | Reached *** piety under Trog
  3617 | D:4      | Reached XP level 7. HP: 23/76 MP: 7/7
  3876 | D:4      | Found a staircase to the Ecumenical Temple.
  3968 | D:4      | Reached skill level 8 in Maces & Flails
  4020 | D:4      | HP: 3/117 [howler monkey (6)]
  4021 | D:4      | HP: 1/117 [howler monkey (3)]
  4780 | D:4      | Found a glowing golden altar of the Shining One.
  4885 | D:5      | Entered Level 5 of the Dungeon
  5233 | D:5      | Reached skill level 9 in Maces & Flails
  5688 | D:5      | Found Peat's General Store.
  6005 | D:5      | Found an ancient bone altar of Kikubaaqudgha.
  6125 | D:5      | Found a shimmering blue altar of Sif Muna.
  6126 | D:5      | Found a shattered altar of Ashenzari.
  6153 | D:5      | Found a hazy altar of Hepliaklqana.
  6162 | D:5      | Got an iridescent falchion
  6225 | D:5      | Reached XP level 8. HP: 42/88 MP: 8/8
  6504 | D:5      | Mangled by an orc warrior

Skill      XL: |  1  2  3  4  5  6  7 |
---------------+----------------------+-----
Maces & Flails | 4 5 6 7 9 |  9.5
Fighting       | 5 6 7 |  7.8
Dodging        | |  2.6

Action                   |  1- 3 |  4- 6 |  7- 9 || total
-------------------------+-------+-------+-------++-------
Melee: Mace              |    79 |   195 |   160 ||   434
Invok: Berserk           |       |     1 |     1 ||     2
       Trog's Hand       |       |       |     1 ||     1
 Stab: Sleeping          |       |       |     1 ||     1
  Eat: Chunk             |     2 |     8 |     7 ||    17
       Ration            |       |       |     1 ||     1
Armor: Animal skin       |    27 |    76 |    29 ||   132
Dodge: Dodged            |    41 |   127 |    72 ||   240
